 Dungeon Crawl Stone Soup version 0.31.0-12-g77e489cdc1 (webtiles) character file.

Game seed: 16084383505305748863

9339 sking99 the Fighter (level 11, -6/57 HPs)
             Began as a Kobold Air Elementalist on Feb 27, 2024.
             Was an Initiate of Sif Muna.
             Killed from afar by a wretched star (27 damage)
             ... with a lance of force
             ... in a Gauntlet on Feb 28, 2024.
             The game lasted 00:41:49 (18183 turns).

sking99 the Fighter (Kobold Air Elementalist)      Turns: 18183, Time: 00:41:50

Health: -6/57      AC: 12    Str:  9    XL:     11   Next: 72%
Magic:  11/15      EV: 14    Int: 21    God:    Sif Muna [......]
Gold:   217        SH:  5    Dex: 15    Spells: 10/21 levels left

rFire   . . .        Q - +0 dagger (venom)
rCold   . . .        T - orb of Yredelemnul {mayhem, Int+4 Dex+3 Summ}
rNeg    + . .        S - +0 acid dragon scales
rPois   +            (no helmet)
rElec   +            i - +0 cloak
rCorr   +            y - +1 pair of gloves
SInv    .            p - +2 pair of boots
Will    .....        q - amulet of reflection
Stlth   +++          K - ring of Lucidity {rElec rPois rN+}
HPRegen 0.29/turn    (no ring)
MPRegen 0.14/turn

%: no teleportation, mayhem, reflection
@: very slightly contaminated
A: small, no large weapons, nightstalker 3, [clumsy 2], [frail 2], [low MP 2],
[subdued magic 2], [inability to read after injury 2]
a: Renounce Religion


You were in a Gauntlet.
You worshipped Sif Muna.
Sif Muna was noncommittal.
You visited 3 branches of the dungeon, and saw 12 of its levels.
You also visited: Trove, Ossuary and Gauntlet.

You collected 637 gold pieces.
You spent 420 gold pieces at shops.

Inventory:

Hand Weapons
 Q - a +0 dagger of venom (weapon)
Missiles
 P - a throwing net
Armour
 a - a +0 robe
 f - the +2 buckler "Lowke" {Str+3}
   (You found it on level 2 of the Dungeon)

   Str+3:     It affects your strength (+3).
 i - a +0 cloak (worn)
 l - the +0 cloak "Feskekul" {rF+}
   (You found it in a treasure trove)

   rF+:       It protects you from fire.
 p - a +2 pair of boots (worn)
 y - a +1 pair of gloves (worn)
 S - +0 acid dragon scales (worn)
 T - the orb of Yredelemnul (worn) {mayhem, Int+4 Dex+3 Summ}
   (You found it in a treasure trove)

   Int+4:     It affects your intelligence (+4).
   Dex+3:     It affects your dexterity (+3).
   Summ:      It increases the power of your Summonings spells.
 U - the +1 pair of boots of Fumohant {Fly rPois Will+ Int-4}
   (You found it in a treasure trove)

   Int-4:     It affects your intelligence (-4).
   rPois:     It protects you from poison Will+: It increases your willpower.
   Fly:       It grants you flight.
 V - the +1 pair of gloves "Ytuhomug" {rPois Dex+2}
   (You found it in a treasure trove)

   Dex+2:     It affects your dexterity (+2).
   rPois:     It protects you from poison
 W - the +1 buckler of Imuvy {+Blink +Inv Str+2}
   (You found it in a treasure trove)

   Str+2:     It affects your strength (+2).
   +Inv:      It lets you turn invisible.
   +Blink:    It lets you blink.
 X - +1 ice dragon scales
 Y - a +1 buckler of cold resistance
Jewellery
 q - an amulet of reflection (around neck)
 v - an amulet of guardian spirit
 K - the ring of Lucidity (left hand) {rElec rPois rN+}
   (You bought it in a shop on level 6 of the Dungeon)

   [ring of poison resistance]

   rElec:     It insulates you from electricity.
   rPois:     It protects you from poison rN+: It protects you from negative
   energy.
 N - a ring of positive energy
 Z - the amulet of Vitality {RegenMP++ Regen++}
   (You found it on level 10 of the Dungeon)

   [amulet of magic regeneration]

   RegenMP:   It increases your rate of magic regeneration.
   Regen++:   It increases your rate of health regeneration.
Wands
 s - a wand of flame (35)
 w - a wand of charming (17)
 A - a wand of mindburst (13)
 L - a wand of polymorph (7)
 O - a wand of quicksilver (5)
 R - a wand of roots (4)
Scrolls
 h - 8 scrolls of teleportation
 k - a scroll of enchant weapon
 z - 2 scrolls of immolation {unknown}
 B - 3 scrolls of revelation
 D - 2 scrolls of poison
 E - a scroll of acquirement {unknown}
 F - a scroll of vulnerability {unknown}
 H - a scroll of torment {unknown}
 I - a scroll of amnesia {unknown}
 J - a scroll of enchant armour
 M - 2 scrolls of noise {unknown}
Potions
 c - 2 potions of attraction
 d - a potion of heal wounds
 e - a potion of invisibility
 g - 4 potions of lignification
 j - 9 potions of curing
 m - a potion of resistance
 o - 3 potions of enlightenment
 r - 2 potions of haste
 t - 2 potions of brilliance
 u - 4 potions of degeneration {unknown}
 x - 2 potions of might {unknown}
 C - a potion of cancellation {unknown}
 G - a potion of mutation


   Skills:
 - Level 10.1 Fighting
 + Level 3.2 Dodging
 - Level 2.6 Stealth
 + Level 1.0 Shields
 - Level 5.6 Spellcasting
 - Level 5.0 Conjurations
 + Level 3.8 Summonings
 - Level 10.0 Air Magic
 + Level 8.5 Invocations


You had 10 spell levels left.
You knew the following spells:

 Your Spells              Type           Power      Damage    Failure   Level
a - Shock                 Conj/Air       92%        1d8       1%          1
b - Static Discharge      Conj/Air       46%        3-5/arc   1%          2
c - Airstrike             Air            14%        2d(3-19)  1%          4
d - Summon Lightning Spi  Summ/Air       32%        N/A       6%          4

Your spell library contained the following spells:

 Spells                   Type           Power      Damage    Failure   Level
 Swiftness                Air            29%        N/A       1%          3
 Momentum Strike          Conj/Tloc      20%        3d8       5%          2
 Blink                    Tloc           6%         N/A       19%         2
 Lesser Beckoning         Tloc           6%         N/A       19%         2
 Animate Armour           Summ/Erth      26%        N/A       50%         4
 Anguish                  Hex/Necr       1%         N/A       80%         4
 Cause Fear               Hex            1%         N/A       80%         4
 Lee's Rapid Deconstruct  Erth           1%         3d4*      99%         5
 Enfeeble                 Hex            1%         N/A       100%        7


Dungeon Overview and Level Annotations

Branches:
Dungeon (10/15)            Temple (1/1) D:4            Lair (1/5) D:9
    Orc (0/2) D:9         Ossuary (visited)         Gauntlet (1/1)

Altars:
Ashenzari
Cheibriados
Dithmenos
Elyvilon
Fedhas
Gozag
Hepliaklqana
Kikubaaqudgha
Makhleb
Nemelex Xobeh
Okawaru
Qazlal
Ru
Sif Muna
Trog
Uskayaw
Vehumet
Wu Jian
Xom
Yredelemnul
Zin
The Shining One

Shops:
D:6 =   D:9 (

Annotations:
Gauntlet 10 transporters


Innate Abilities, Weirdness & Mutations

You are small and have problems with some larger weapons.
You are completely attuned to the shadows.
[You are very clumsy. (Dex -4)]
[You are very frail. (-20% HP)]
[Your magical capacity is very low. (-20% MP)]
[Your spells are easier to cast, but less powerful.]
[You sometimes lose the ability to read scrolls when taking damage.]


Message History

Casting: Static Discharge (safe; 1% risk of failure)
Confirm with . or Enter, or press ? or * to list all spells.
You don't have enough magic to cast this spell.
Okay, then.
Magic courses through your body.
The wretched star glows turbulently.
The lance of force hits you!!
* * * LOW HITPOINT WARNING * * *
You are knocked back by the lance of force.
You slam into the translucent stone wall!
* * * LOW HITPOINT WARNING * * *
Your lightning spire shoots out a bolt of lightning at the wretched star!
The bolt of electricity hits the wretched star.
The wretched star resists.
Casting: Static Discharge (safe; 1% risk of failure)
Confirm with . or Enter, or press ? or * to list all spells.
Aiming: Shock (safe; 1% risk of failure)
Press: ? - help, Shift-Dir - straight line, f - you, p - wretched star
Okay, then.
Casting: Shock (safe; 1% risk of failure)
Confirm with . or Enter, or press ? or * to list all spells.
You can't see any susceptible monsters within range! (Use Z to cast anyway.)
Casting: Shock (safe; 1% risk of failure)
Confirm with . or Enter, or press ? or * to list all spells.
Aiming: Airstrike (dangerous; 2% risk of failure)
Press: ? - help, Dir - move target, f/p - wretched star
Aim: a wretched star (lightly damaged, ally target, empty space bonus: 2/8)
The air twists around and strikes the wretched star but does no damage.
The wretched star pulses with an eldritch light!
Your connection to magic feels subdued.
Your connection to magic feels more subdued.
You occasionally lose the ability to read scrolls when taking damage.
You lose the ability to read scrolls when taking damage more often.
Your lightning spire shoots out a bolt of lightning at the wretched star!
The bolt of electricity hits the wretched star.
The wretched star resists.
You feel much better.
The wretched star glows turbulently.
The lance of force hits you!!
You die...

#######
#≈#≈#≈################
.......#≈#≈#≈#≈#≈#≈#§##
8....................≈#
.......8.....8.....8.##
######...............≈#
.....#...#########...##
^##..#...#©#.#8*.#...≈#
#..#.######[$#.#@#...##
.#.#...#..!#.#.#..§≈#
###©.#.#©8.##
.#.#...#.....#.#...≈#
#..#s#####.####..#...##
^##..#...#.......#...§#
sssss#...#########...##
######.............§.≈#
.......8.....8.....8§##


You could see a wretched star (ally target) and a friendly lightning spire
(summoned).

Vanquished Creatures
  Erolcha (D:9)
  A gargoyle (D:10)
  Grinder (D:4)
  A hornet (D:8)
  Sigmund (D:3)
  2 wyverns (D:9)
  A wraith (D:9)
  6 yaks
  3 steam dragons
  3 water moccasins
  2 acid dragons
  3 black bears
  An ogre (D:5)
  3 orc warriors
  5 centaurs
  A kobold brigand (D:8)
  5 bullfrogs
  2 elf zombies (D:7)
  3 scorpions
  An elf skeleton (D:7)
  2 gnoll sergeants
  6 water moccasin zombies (Ossuary)
  10 wights
  A burial acolyte (Ossuary)
  9 killer bees
  6 howler monkeys
  2 jellies
  5 orc priests
  3 bombardier beetles
  4 hounds
  A human zombie (D:7)
  A sleepcap (D:8)
  A gnoll bouda (D:9)
  4 iguanas
  Crazy Yiuf (D:3)
  A human skeleton (D:7)
  8 orc wizards
  A crocodile zombie (Ossuary)
  A mummy (Ossuary)
  5 adders
  13 gnolls
  A shadow imp (D:6)
  2 white imps
  6 adder zombies (Ossuary)
  2 ribbon worms
  A dart slug (D:2)
  26 orcs
  6 ball pythons
  3 bats
  7 endoplasms
  A giant cockroach (D:3)
  6 gnoll zombies (Ossuary)
  5 hobgoblins
  2 jackals (D:5)
  3 quokkas
  2 frilled lizards
  5 goblins
  5 jackal zombies (Ossuary)
  11 kobolds
  An orc skeleton (D:7)
  7 orc zombies (Ossuary)
  5 rats
238 creatures vanquished.

Vanquished Creatures (collateral kills)
  2 small abominations (Gauntlet)
  A yak (D:10)
  An acid dragon (D:9)
  An orc warrior (D:9)
  3 wights (D:9)
  A water moccasin zombie (Ossuary)
  5 killer bees
  A crocodile zombie (Ossuary)
  A mummy (Ossuary)
  A gnoll zombie (Ossuary)
17 creatures vanquished.

Grand Total: 255 creatures vanquished

Notes
Turn   | Place    | Note
-------+----------+-------------------------------------------
     0 | D:1      | sking99 the Kobold Air Elementalist began the quest for the
                  | Orb.
     0 | D:1      | Reached XP level 1. HP: 10/10 MP: 3/3
   441 | D:1      | Reached XP level 2. HP: 16/16 MP: 1/5
   487 | D:1      | Learned a level 2 spell: Static Discharge
  1041 | D:2      | Found a faded altar of an unknown god.
  1270 | D:2      | Reached XP level 3. HP: 20/20 MP: 4/6
  1298 | D:2      | Reached skill level 1 in Fighting
  1300 | D:2      | Identified the +2 buckler "Lowke" {Str+3}
  2056 | D:3      | Reached XP level 4. HP: 25/25 MP: 4/8
  2255 | D:3      | Learned a level 4 spell: Airstrike
  2738 | D:3      | Noticed Sigmund
  2974 | D:3      | Reached XP level 5. HP: 30/30 MP: 3/9
  3245 | D:3      | Killed Sigmund
  3246 | D:3      | Reached XP level 6. HP: 30/36 MP: 3/11
  3717 | D:3      | Reached skill level 5 in Air Magic
  3892 | D:3      | Found a runed translucent door.
  3895 | D:3      | Noticed Crazy Yiuf
  3899 | D:3      | Killed Crazy Yiuf
  4020 | D:4      | Reached XP level 7. HP: 40/40 MP: 6/12
  4550 | D:4      | Found a staircase to the Ecumenical Temple.
  4562 | Temple   | Entered the Ecumenical Temple
  4619 | Temple   | Became a worshipper of Sif Muna the Loreminder
  4703 | D:4      | Noticed Grinder
  4987 | D:4      | Paralysed by Grinder for 3 turns
  4992 | D:4      | Killed Grinder
  5302 | D:5      | Entered Level 5 of the Dungeon
  5308 | D:5      | Reached XP level 8. HP: 48/48 MP: 7/14
  5530 | D:5      | Found the +2 ratskin cloak {*Rats rPois rN+ Str-1 Int-1
                  | Dex+1}
  6852 | D:6      | Found Qutodouv's Jewellery Shoppe.
  6881 | D:6      | Reached * piety under Sif Muna
  7042 | D:6      | Noticed a gargoyle
  7473 | D:6      | Reached skill level 5 in Spellcasting
  7595 | D:6      | Learned a level 4 spell: Summon Lightning Spire
  7710 | D:6      | Reached XP level 9. HP: 47/53 MP: 0/16
  7899 | D:6      | Reached skill level 5 in Fighting
  8408 | D:6      | Reached skill level 5 in Conjurations
  8907 | D:7      | Found a sand-covered staircase.
  8912 | Ossuary  | Entered an ossuary
  9153 | Ossuary  | Reached skill level 1 in Summonings
  9155 | Ossuary  | Reached skill level 1 in Invocations
  9688 | Ossuary  | Reached ** piety under Sif Muna
 10410 | D:7      | Found a broken altar of Ashenzari.
 10410 | D:7      | Found a shadowy altar of Dithmenos.
 10410 | D:7      | Found a snail-covered altar of Cheibriados.
 10412 | D:7      | Found an iron altar of Okawaru.
 10414 | D:7      | Found a sparkling altar of Nemelex Xobeh.
 10415 | D:7      | Found a glowing golden altar of the Shining One.
 10417 | D:7      | Found an ancient bone altar of Kikubaaqudgha.
 10483 | D:7      | Reached XP level 10. HP: 59/60 MP: 11/18
 11493 | D:6      | Bought the ring of Lucidity {rElec rPois rN+} for 420 gold
                  | pieces
 12238 | D:8      | Paralysed by a hornet for 1 turns
 12402 | D:8      | Identified the +8 great mace "Suypsies" {speed, Will+ Str+4
                  | Int+2 Dex-4}
 12578 | D:8      | Found a shimmering altar of Xom.
 12579 | D:8      | Found a shimmering altar of Xom.
 12582 | D:8      | Found a shimmering altar of Xom.
 12583 | D:8      | Found a shimmering altar of Xom.
 12584 | D:8      | Found a shimmering altar of Xom.
 12584 | D:8      | Found a shimmering altar of Xom.
 12903 | D:9      | Reached *** piety under Sif Muna
 13006 | D:9      | Reached skill level 10 in Air Magic
 13316 | D:9      | Reached skill level 5 in Invocations
 14052 | D:9      | Noticed Erolcha
 14078 | D:9      | Killed Erolcha
 14079 | D:9      | Reached XP level 11. HP: 36/69 MP: 14/19
 14388 | D:9      | Found a staircase to the Lair.
 15435 | D:9      | Found Igirup's Antique Weapon Shoppe.
 15669 | D:9      | Found a staircase to the Orcish Mines.
 15762 | D:9      | Reached **** piety under Sif Muna
 16006 | D:10     | Entered Level 10 of the Dungeon
 16369 | D:10     | Found a basalt altar of Yredelemnul.
 16672 | D:10     | Reached skill level 10 in Fighting
 17234 | D:10     | Found a portal to a secret trove of treasure.
 17240 | Trove    | Entered a treasure trove
 17253 | Trove    | Identified the +0 robe "Tudub" {Rampage Str+5}
 17254 | Trove    | Identified the +1 pair of gloves "Ytuhomug" {rPois Dex+2}
 17256 | Trove    | Identified the +1 pair of boots of Fumohant {Fly rPois
                  | Will+ Int-4}
 17258 | Trove    | Identified the orb of Yredelemnul {mayhem, Int+4 Dex+3
                  | Summ}
 17261 | Trove    | Identified the +0 cloak "Feskekul" {rF+}
 17264 | Trove    | Identified the +1 buckler of Imuvy {+Blink +Inv Str+2}
 17437 | D:10     | Found the amulet of Vitality {RegenMP++ Regen++}
 17940 | Lair:1   | Entered Level 1 of the Lair of Beasts
 17955 | Lair:1   | Found a gate leading to a gauntlet.
 17965 | Gauntlet | Entered a Gauntlet
 17965 | Gauntlet | Found a transporter.
 17971 | Gauntlet | Found a transporter.
 17985 | Gauntlet | Found a transporter.
 18005 | Gauntlet | Noticed an entropy weaver
 18007 | Gauntlet | Found a transporter.
 18008 | Gauntlet | Noticed a wolf spider
 18017 | Gauntlet | Noticed an arcanist
 18022 | Gauntlet | Noticed an arcanist
 18029 | Gauntlet | Noticed a wretched star
 18037 | Gauntlet | Noticed a necromancer
 18041 | Gauntlet | Found a transporter.
 18041 | Gauntlet | Found a transporter.
 18041 | Gauntlet | Noticed a death yak
 18053 | Gauntlet | Found a transporter.
 18066 | Gauntlet | Found a transporter.
 18088 | Gauntlet | Noticed a meliai
 18089 | Gauntlet | Noticed a meliai
 18089 | Gauntlet | Noticed a meliai
 18101 | Gauntlet | Found a transporter.
 18110 | Gauntlet | Noticed a death yak
 18118 | Gauntlet | Noticed a death yak
 18118 | Gauntlet | Noticed a death yak
 18120 | Gauntlet | Noticed a death yak
 18129 | Gauntlet | Found a transporter.
 18129 | Gauntlet | Found a transporter.
 18179 | Gauntlet | Reached skill level 1 in Shields
 18183 | Gauntlet | Killed from afar by a wretched star

Illustrated notes

Levels and vault maps discovered:
D:1:      scummos_arrival_simple_fountains, layout_loops_ring,
          minmay_pentomino_q4
D:2:      layout_rooms, ebering_ecumenical_altar_webs
D:3:      layout_loops_cross, uniq_sigmund, uniq_crazy_yiuf_cottage
D:4:      layout_loops_ring, minmay_temple_entry_statues_fountains, uniq_grinder
D:5:      layout_basic
D:6:      minmay_angry_zag, layout_basic, serial_shops, shop,
          small_statue_intersection
D:7:      minmay_chambers_of_fours, layout_rooms, grunt_temple_overflow_open,
          nicolae_ossuary_entry_catacombs, nicolae_figureground_sparkle
D:8:      layout_basic, xom_redecorated, amethyst_killhole
D:9:      minmay_skewed_foursquare, layout_basic, david_lair_generic,
          minmay_orc_entry_temple_small, serial_shops, shop, evilmike_butchery,
          uniq_erolcha
D:10:     layout_roguey, yredelemnul_altar_generic, nicolae_trove_entry_columns,
          hellmonk_guarded_unrand_vitality_bloodlust
Temple:   compressed_dpeg_triangle_lava_temple
Lair:1:   layout_loops_ring, gauntlet_entry_generic
Gauntlet: minmay_gauntlet_mixed_oops_all_seconds
          [minmay_gauntlet_arena_77_radiant_squares,
          gammafunk_gauntlet_arena_corners, minmay_gauntlet_arena_77_mirror,
          nicolae_gauntlet_arena_quarters,
          minmay_gauntlet_arena_77_terracotta_army,
          gammafunk_gauntlet_arena_split_x, gauntlet_exit_green]

Skill      XL: |  1  2  3  4  5  6  7  8  9 10 11 |
---------------+----------------------------------+-----
Fighting       | 1 2 3 4 6 8 10 | 10.1
Air Magic      | 4 5 6 7 8 10 | 10.0
Conjurations   | 2 3 4 5 |  5.0
Spellcasting   | 3 4 5 |  5.6
Summonings     | 2 3 |  3.8
Invocations    | 2 6 8 |  8.5
Dodging        | 3 |  3.2
Shields        | 1 |  1.0
Stealth        | |  2.6

Action                     |  1- 3 |  4- 6 |  7- 9 | 10-12 || total
---------------------------+-------+-------+-------+-------++-------
  Melee: Unarmed           |    18 |     8 |    40 |     3 ||    69
         Punch             |       |     1 |     1 |       ||     2
         Dagger            |       |       |       |     5 ||     5
   Cast: Shock             |    68 |    60 |   138 |   106 ||   372
         Static Discharge  |       |    26 |   123 |    67 ||   216
         Airstrike         |       |       |    12 |    81 ||    93
         Summon Lightning  |       |       |     2 |    13 ||    15
 Invoke: Channel Magic     |       |       |       |     2 ||     2
    Use: Scroll            |       |       |    15 |     4 ||    19
         Potion            |       |       |       |     5 ||     5
   Stab: Distracted        |       |       |     1 |       ||     1
 Armour: Robe              |    10 |    51 |   242 |   163 ||   466
         Acid dragon scale |       |       |       |    25 ||    25
  Dodge: Dodged            |    31 |    30 |   128 |   139 ||   328
  Block: Other             |       |       |    24 |    39 ||    63
         Reflection        |       |       |     1 |     5 ||     6
